 Dungeon Crawl Stone Soup version 0.28-a0-631-g0446da8ef9 (webtiles) character file.

Game seed: 17362222260294294582

15785 KristoblXynda the Carver (level 12, -11/106 HPs)
             Began as a Grey Draconian Gladiator on Oct 10, 2021.
             Was a Priest of Yredelemnul.
             Mangled by Rupert (17 damage)
             ... on level 12 of the Dungeon.
             The game lasted 00:19:21 (15709 turns).

KristoblXynda the Carver (DrGl)                    Turns: 15709, Time: 00:19:22

Health: -11/106    AC: 15    Str: 24    XL:     12   Next: 4%
Magic:  17/17      EV: 20    Int: 12    God:    Yredelemnul [***...]
Gold:   567        SH:  0    Dex: 13    Spells: 11/11 levels left

rFire   . . .      SeeInvis .   v - +2 scimitar (flame)
rCold   . . .      Faith    .   (no shield)
rNeg    . . .      Spirit   .   (armour unavailable)
rPois   .          Reflect  .   b - +0 hat
rElec   .          Harm     .   j - +0 cloak
rCorr   .          Rampage  .   x - +0 pair of gloves
Will    .....                   (no boots)
Stlth   +.........              (no amulet)
HPRegen 0.27/turn               h - +4 ring of evasion
MPRegen 0.15/turn               i - +6 ring of strength

@: on berserk cooldown, hasted and slowed, studying Crossbows
A: AC +13, amphibious, unfitting armour, cold-blooded
a: Renounce Religion, Recall Undead Slaves, Injury Mirror, Animate Dead


You were on level 12 of the Dungeon.
You worshipped Yredelemnul.
Yredelemnul was most pleased with you.
You visited 2 branches of the dungeon, and saw 13 of its levels.

You collected 567 gold pieces.

Inventory:

Hand Weapons
 v - a +2 scimitar of flaming (weapon)
Missiles
 c - 3 throwing nets (quivered)
Armour
 b - a +0 hat (worn)
 j - a +0 cloak (worn)
 x - a +0 pair of gloves (worn)
 z - a +0 kite shield
Jewellery
 h - a +4 ring of evasion (left hand)
 i - a +6 ring of strength (right hand)
 p - a ring of fire
 s - a ring of willpower
Wands
 o - a wand of iceblast (20)
 r - a wand of paralysis (14)
Scrolls
 a - a scroll of fear
 m - 3 scrolls of immolation
 q - 4 scrolls of teleportation
 t - a scroll of brand weapon
Potions
 d - a potion of resistance
 e - 3 potions of brilliance
 f - a potion of mutation
 g - a potion of flight
 k - 5 potions of attraction
 l - 2 potions of cancellation
 n - a potion of heal wounds


   Skills:
 - Level 10.0 Fighting
 + Level 12.3 Long Blades
 - Level 2.0 Throwing
 + Level 9.6 Dodging
 + Level 7.9 Invocations
 + Level 4.1 Evocations


You had 11 spell levels left.
You didn't know any spells.
Your spell library contained the following spells:

 Spells                   Type           Power      Damage    Failure   Level
 Slow                     Hex            0%         N/A       45%         2
 Confusing Touch          Hex            0%         N/A       69%         3
 Conjure Flame            Conj/Fire      0%         6-21      69%         3
 Ignite Poison            Fire/Tmut/Pois 0%         N/A       69%         3
 Vampiric Draining        Necr           0%         2d6       69%         3
 Sticky Flame             Conj/Fire      0%         2d3       97%         4


Dungeon Overview and Level Annotations

Branches:
Dungeon (12/15)            Temple (1/1) D:5            Lair (0/6) D:9
    Orc (0/2) D:10

Altars:
Ashenzari
Cheibriados
Dithmenos
Elyvilon
Fedhas
Gozag
Hepliaklqana
Kikubaaqudgha
Makhleb
Nemelex Xobeh
Okawaru
Qazlal
Ru
Sif Muna
Trog
Uskayaw
Vehumet
Wu Jian
Xom
Yredelemnul
Zin
The Shining One

Shops:
D:2 *

Portals:
Trove: D:11 (give +5 demon blade)

Annotations:
D:5 2 transporters, MacCMillion's ghost, novice MfIE
D:6 2 runed translucent doors
D:12 Rupert


Innate Abilities, Weirdness & Mutations

Your dull iron-grey scales are very hard. (AC +13)
You are amphibious.
You cannot fit into any form of body armour.
You are cold-blooded and may be slowed by cold attacks.


Message History

Rupert hits you but does no damage.
Rupert hits your yak zombie with a +2 battleaxe of flaming!!
Rupert burns your yak zombie.
Your yak zombie is destroyed!
You hit Rupert. You burn Rupert.
Rupert is moderately wounded.
You slash Rupert! You burn Rupert. You tail-slap Rupert, but do no damage.
Rupert is heavily wounded.
Rupert hits you with a +2 battleaxe of flaming!!!
Rupert burns you!
You slash Rupert! You burn Rupert.
Rupert is heavily wounded.
Rupert hits you with a +2 battleaxe of flaming!
Rupert burns you.
You barely miss Rupert.
Rupert is heavily wounded.
Rupert hits you with a +2 battleaxe of flaming!
Rupert burns you.
You hit Rupert but do no damage.
Rupert is heavily wounded.
You slice Rupert!! You burn Rupert! You tail-slap Rupert.
Rupert is severely wounded.
Rupert hits you with a +2 battleaxe of flaming!!
* * * LOW HITPOINT WARNING * * *
Rupert burns you.
* * * LOW HITPOINT WARNING * * *
You slice Rupert!! You burn Rupert!
Rupert is almost dead.
Rupert hits you with a +2 battleaxe of flaming!
* * * LOW HITPOINT WARNING * * *
Rupert burns you.
* * * LOW HITPOINT WARNING * * *
You feel a strong urge to attack something.
You are no longer berserk.
You are exhausted.
You feel yourself slow down. Rupert completely misses you.
Rupert hits you with a +2 battleaxe of flaming!
You die...
Your body rises from the dead as a mindless zombie.

####.........##..#
.....<...##..##..#
.........##..##..#
.................# .
....#####(.......# ..
....
#........####+#####..
.##.
#..................#
. #
#..................#
#.......@@.........#
##....^............+
+..#.....###..$...#
#..#.....# #.........
#. #.....# #.......#.
#...... ..........
#.................
...................
###################


You could see Rupert (berserk).

Vanquished Creatures
  2 hydras
  A vault guard (D:11)
  A boulder beetle (D:11)
  3 two-headed ogres
  Erica (D:8)
  A cyclops (D:11)
  2 ugly things
  Maurice (D:9)
  A komodo dragon (D:11)
  A troll (D:11)
  A hornet (D:8)
  A meliai zombie (D:11)
  5 wyverns
  A wraith (D:11)
  Eustachio (D:4)
  16 yaks
  A basilisk (D:9)
  A steam dragon (D:8)
  3 vampire mosquitoes (D:10)
  5 water moccasins
  A black bear (D:5)
  A hornet zombie (D:8)
  4 orc warriors
  A sky beast (D:6)
  A necrophage (D:8)
  3 ogres
  3 centaurs
  A phantom (D:5)
  4 kobold brigands
  2 bullfrogs
  2 scorpions
  A water moccasin skeleton (D:7)
  12 killer bees
  3 electric eels (D:11)
  9 wights
  A howler monkey (D:6)
  A bullfrog zombie (D:7)
  2 hounds (D:5)
  8 orc priests
  A jelly (D:8)
  3 centaur zombies
  A bullfrog skeleton (D:5)
  3 iguanas
  9 orc wizards
  A killer bee zombie (D:5)
  A hound skeleton (D:5)
  A howler monkey skeleton (D:6)
  5 adders
  A shadow imp (D:7)
  An ufetubus (D:6)
  4 worms
  4 dart slugs
  39 orcs
  6 bats
  4 endoplasms
  4 giant cockroaches
  5 hobgoblins
  5 jackals
  3 quokkas
  3 ball pythons
  A frilled lizard (D:1)
  4 goblins
  20 kobolds
  4 rats (D:1)
242 creatures vanquished.

Vanquished Creatures (others)
  An ugly thing zombie (D:11)
  A wyvern zombie (D:9)
  3 yak zombies (D:12)
  A kobold zombie (D:11)
  A bush (D:9)
  4 fungi (D:9)
  14 plants (D:9)
25 creatures vanquished.

Grand Total: 267 creatures vanquished

Notes
Turn   | Place    | Note
-------+----------+-------------------------------------------
     0 | D:1      | KristoblXynda the Draconian Gladiator began the quest for
                  | the Orb.
     0 | D:1      | Reached XP level 1. HP: 17/17 MP: 1/1
   227 | D:1      | Reached XP level 2. HP: 25/25 MP: 2/2
  1032 | D:2      | Reached XP level 3. HP: 26/30 MP: 3/3
  1479 | D:2      | Found Diruobam's Assorted Antiques.
  2028 | D:3      | Reached XP level 4. HP: 33/38 MP: 4/4
  2036 | D:2      | Reached skill level 4 in Long Blades
  2249 | D:3      | Noticed a floating eye
  2250 | D:3      | Found a faded altar of an unknown god.
  2255 | D:3      | Noticed a floating eye
  2255 | D:3      | Noticed a golden eye
  2255 | D:3      | Noticed a shining eye
  2571 | D:3      | Reached XP level 5. HP: 35/45 MP: 5/5
  2672 | D:4      | Noticed an ogre
  2676 | D:4      | Noticed Eustachio
  2678 | D:4      | Killed an ogre
  3235 | D:4      | Reached skill level 5 in Long Blades
  3240 | D:4      | Reached XP level 6. HP: 28/52 MP: 6/6
  3496 | D:4      | Killed Eustachio
  4005 | D:4      | Found a white marble altar of Elyvilon.
  4124 | D:5      | Entered Level 5 of the Dungeon
  4466 | D:5      | Reached skill level 6 in Long Blades
  4466 | D:5      | Your scales start taking on a dull iron-grey colour.
  4466 | D:5      | Reached XP level 7. HP: 28/60 MP: 7/7
  4884 | D:5      | Found a staircase to the Ecumenical Temple.
  4923 | D:5      | Reached skill level 5 in Fighting
  5063 | D:5      | Found a transporter.
  5065 | D:5      | Found a transporter.
  5077 | D:5      | Noticed MacCMillion's ghost (novice MfIE)
  5079 | D:5      | Identified the +10 dire flail of Gloom {flame, rPois rF-
                  | rN++}
  5220 | D:5      | Reached skill level 7 in Long Blades
  5541 | Temple   | Entered the Ecumenical Temple
  5651 | Temple   | Became a worshipper of Yredelemnul the Dark
  5744 | D:6      | Reached skill level 5 in Dodging
  5744 | D:6      | Reached XP level 8. HP: 66/69 MP: 8/8
  6181 | D:6      | Reached skill level 8 in Long Blades
  6332 | D:6      | Noticed a two-headed ogre
  6342 | D:6      | Killed a two-headed ogre
  6343 | D:6      | Reached skill level 9 in Long Blades
  6343 | D:6      | Reached XP level 9. HP: 45/78 MP: 9/9
  6755 | D:6      | Found a runed translucent door.
  6759 | D:6      | Found a runed translucent door.
  6794 | D:6      | Reached * piety under Yredelemnul
  7921 | D:7      | Reached skill level 10 in Long Blades
  8288 | D:8      | Reached ** piety under Yredelemnul
  8289 | D:8      | Reached skill level 1 in Invocations
  8571 | D:8      | Noticed a two-headed ogre
  9139 | D:8      | Identified the +0 chain mail of Sif Muna's Supremacy {-Tele
                  | rF++ rC+ Regen+}
  9193 | D:8      | Reached XP level 10. HP: 30/88 MP: 11/11
  9720 | D:8      | Noticed a five-headed hydra
 10164 | D:8      | Killed a two-headed ogre
 10540 | D:8      | Noticed Erica
 10546 | D:8      | Killed Erica
 10551 | D:8      | Paralysed by a hornet for 2 turns
 11014 | D:8      | Killed a one-headed hydra
 11015 | D:8      | Reached skill level 11 in Long Blades
 11139 | D:9      | Reached skill level 5 in Invocations
 11276 | D:9      | Noticed Maurice
 11283 | D:9      | Killed Maurice
 11446 | D:9      | Reached XP level 11. HP: 75/97 MP: 15/15
 11653 | D:9      | Reached *** piety under Yredelemnul
 12176 | D:9      | Found a staircase to the Lair.
 12340 | D:10     | Entered Level 10 of the Dungeon
 12352 | D:10     | Found a staircase to the Orcish Mines.
 12399 | D:10     | Reached skill level 10 in Fighting
 12564 | D:10     | Noticed a purple ugly thing
 12576 | D:10     | Killed a purple ugly thing
 12733 | D:10     | Reached skill level 1 in Evocations
 13096 | D:11     | Noticed a boulder beetle
 13217 | D:11     | Killed a boulder beetle
 13376 | D:11     | Noticed a seven-headed hydra
 13386 | D:11     | Killed a four-headed hydra
 13402 | D:11     | Noticed a purple ugly thing
 13472 | D:11     | Killed a purple ugly thing
 13773 | D:11     | Noticed a two-headed ogre
 13780 | D:11     | Killed a two-headed ogre
 13781 | D:11     | Reached skill level 12 in Long Blades
 13782 | D:11     | Noticed a vault guard
 14783 | D:11     | Found a portal to a secret trove of treasure.
 14822 | D:11     | Killed a vault guard
 15425 | D:12     | Reached XP level 12. HP: 81/106 MP: 17/17
 15686 | D:12     | Noticed Rupert
 15704 | D:12     | HP: 7/159 [Rupert (2)]
 15709 | D:12     | Mangled by Rupert

Illustrated notes

Levels and vault maps discovered:
D:1:      dpeg_arrival_short_road, layout_basic, st_stairs_10, bh_walls_and_bars
D:2:      layout_basic, serial_shops, nicolae_shop_crystal
D:3:      layout_rooms, hellmonk_ecumenical_altar_watching_god,
          grunt_ministairs_7
D:4:      layout_rooms, nicolae_elyvilon_temple_path, uniq_eustachio
D:5:      layout_gridville, minmay_temple_entry_trees, gammafunk_ghost_smash,
          kennysheep_minor_cross, nrook_mini_backslash
D:6:      lemuel_insect_pit, layout_gridville
D:7:      layout_basic, serial_rivers, chequers_serial_rivers_room_b,
          chequers_serial_rivers_room_a, chequers_serial_rivers_marsh,
          chequers_serial_rivers_small_b, minmay_manual_mail
D:8:      minmay_spotlight, layout_basic, uniq_erica
D:9:      layout_rooms, minmay_lair_entry_grove, uniq_maurice
D:10:     layout_gridville, orc_0_dummy
D:11:     layout_basic, enter_trove_5, nicolae_sextant
D:12:     layout_stronghold, uniq_azrael, uniq_rupert, uniq_erolcha
Temple:   kilobyte_greek_temple

Skill      XL: |  1  2  3  4  5  6  7  8  9 10 11 |
---------------+----------------------------------+-----
Throwing       | 2 |  2.0
Dodging        | 3 4 5 6 7 8 9 |  9.6
Fighting       | 3 4 5 6 8 9 10 | 10.0
Long Blades    | 4 5 6 7 9 10 11 12 | 12.3
Invocations    | 2 5 7 |  7.9
Evocations     | 4 |  4.1

Action                   |  1- 3 |  4- 6 |  7- 9 | 10-12 || total
-------------------------+-------+-------+-------+-------++-------
Melee: Long sword        |   114 |   156 |   389 |    59 ||   718
       Tailslap          |     9 |    22 |    76 |    76 ||   183
       Scimitar          |       |       |       |   341 ||   341
Throw: Throwing net      |       |     1 |       |       ||     1
Invok: Animate Remains   |       |       |       |     1 ||     1
       Animate Dead      |       |       |       |     3 ||     3
Evoke: Wand              |       |       |    12 |    14 ||    26
  Use: Scroll            |       |     3 |     5 |    14 ||    22
       Potion            |       |     5 |     2 |     3 ||    10
 Stab: Sleeping          |     1 |       |     1 |       ||     2
       Held in net/web   |       |     1 |       |       ||     1
       Paralysed         |       |       |     9 |    19 ||    28
Armor: Skin              |    43 |    61 |   119 |   111 ||   334
Dodge: Dodged            |    90 |   220 |   315 |   317 ||   942

Table legend: (Time is in decaauts)
 A = Elapsed time spent in this place.
 B = Non-inter-level travel time spent in this place.
 C = Inter-level travel time spent in this place.
 D = Time resting spent in this place.
 E = Time spent auto-exploring this place.
 F = Levels seen in this place.
 G = Mean time per level.
                   A        B        C        D        E       F      G
               +--------+--------+--------+--------+--------+-----+--------+
         Total |  15679 |  15094 |    585 |   5679 |   7056 |  13 | 1206.1 |
       Dungeon |  15539 |  14984 |    555 |   5679 |   6963 |  12 | 1294.9 |
        Temple |    140 |    110 |     30 |      0 |     93 |   1 |  140.0 |
               +--------+--------+--------+--------+--------+-----+--------+

Top non-repeatable levels by time:
     D:8: 2633 daAuts
    D:11: 2365 daAuts
     D:7: 1387 daAuts
     D:5: 1363 daAuts
     D:6: 1349 daAuts
     D:2: 1237 daAuts
     D:9: 1216 daAuts
     D:4: 1126 daAuts
     D:3: 1004 daAuts
     D:1: 889 daAuts
    D:10: 684 daAuts
    D:12: 281 daAuts
  Temple: 140 daAuts
